 Dungeon Crawl Stone Soup version 0.30-a0-726-gd89dcf765f (webtiles) character file.

Game seed: 14681563087235296098

534 Sabo the Conjurer (level 7, -3/42 HPs)
             Began as an Octopode Conjurer on Jan 29, 2023.
             Was a Priest of Makhleb.
             Slain by an orc wizard
             ... wielding a +2 dagger of speed
              (4 damage)
             ... on level 4 of the Dungeon.
             The game lasted 00:23:52 (4751 turns).

Sabo the Conjurer (Octopode Conjurer)               Turns: 4751, Time: 00:23:53

Health: -3/42      AC:  1    Str: 12    XL:     7   Next: 25%
Magic:  10/12      EV: 13    Int: 23    God:    Makhleb [***...]
Gold:   168        SH:  0    Dex: 10    Spells: 10/13 levels left

rFire   . . .      SeeInvis .    e - +2 dagger (protect)
rCold   + . .      Faith    .    (no shield)
rNeg    . . .      Spirit   .    (helmet restricted)
rPois   .          Reflect  .    (no amulet)
rElec   .          Harm     .    h - +6 ring of strength
rCorr   .          Rampage  .    q - ring of protection from fire
Will    .....                    n - ring of ice
Stlth   +++                      (no ring)
HPRegen 0.27/turn                (no ring)
MPRegen 0.13/turn                (no ring)
                                 (no ring)
                                 (no ring)

@: no status effects
A: almost no armour, amphibious, 8 rings, camouflage 1, gelatinous body 1,
(nimble swimmer 1), tentacles
a: Renounce Religion, Minor Destruction, Lesser Servant of Makhleb


You were on level 4 of the Dungeon.
You worshipped Makhleb.
Makhleb was most pleased with you.
You visited 1 branch of the dungeon, and saw 4 of its levels.

You collected 168 gold pieces.

Inventory:

Hand Weapons
 e - a +2 dagger of protection (weapon)
 i - a +0 sling
Missiles
 c - 7 poisoned darts (quivered)
Jewellery
 h - a +6 ring of strength (left tentacle)
 n - a ring of ice (on tentacle)
 q - a ring of protection from fire (right tentacle)
Wands
 a - a wand of charming (9)
Scrolls
 f - a scroll of magic mapping
 g - a scroll of teleportation
 m - a scroll of summoning {unknown}
 r - 2 scrolls of poison {unknown}
 s - 3 scrolls of immolation {unknown}
Potions
 b - a potion of lignification {unknown}
 d - a potion of haste {unknown}
 j - a potion of curing
 k - a potion of degeneration {unknown}
 l - a potion of mutation {unknown}
 o - a potion of ambrosia {unknown}


   Skills:
 + Level 0.9 Fighting
 + Level 2.0 Short Blades
 + Level 2.7 Dodging
 + Level 4.1 Stealth
 + Level 3.7 Spellcasting
 + Level 6.0 Conjurations
 + Level 2.2 Invocations


You had 10 spell levels left.
You knew the following spells:

 Your Spells              Type           Power      Damage    Failure   Level
a - Magic Dart            Conj           100%       1d8       1%          1
b - Searing Ray           Conj           64%        2d6       1%          2

Your spell library contained the following spells:

 Spells                   Type           Power      Damage    Failure   Level
 Dazzling Flash           Conj/Hex       36%        N/A       10%         3
 Lesser Beckoning         Tloc           8%         N/A       16%         2
 Fulminant Prism          Conj/Hex       9%         3d6       30%         4
 Iskenderun's Mystic Bla  Conj/Tloc      18%        2d6       30%         4
 Gell's Gravitas          Tloc           4%         N/A       32%         3
 Ozocubu's Armour         Ice            6%         N/A       32%         3
 Teleport Other           Tloc           4%         N/A       32%         3
 Ozocubu's Refrigeration  Ice            3%         4d8       100%        7


Dungeon Overview and Level Annotations

Branches:
Dungeon (4/15)
 Temple: D:4-7

Altars:
Fedhas
Makhleb
Nemelex Xobeh
Ru


Innate Abilities, Weirdness & Mutations

You cannot wear most types of armour.
You are amphibious.
You can wear up to eight rings at the same time.
Your skin changes colour to match your surroundings (Stealth+).
Your rubbery body absorbs attacks. (AC +1, EV +1)
((You are camouflaged when in or above water. (Stealth+)))
You have tentacles for arms and can constrict up to eight enemies at once.


Message History

The orc hits you with a +0 whip.
* * * LOW HITPOINT WARNING * * *
You hit the worm.
Your weapon exudes an aura of protection.
You grab the worm. You squeeze the worm.
The worm is moderately wounded.
You constrict the worm. The worm closely misses you.
The orc hits you but does no damage.
You hit the worm.
The worm is moderately wounded.
You constrict the worm. You hit the worm. You squeeze the worm.
The worm is almost dead.
You constrict the worm.
You kill the worm!
Makhleb accepts your kill. The orc misses you.
Casting: Magic Dart (safe; 1% risk of failure)
Confirm with . or Enter, or press ? or * to list all spells.
Aiming: Magic Dart (safe; 1% risk of failure)
Press: ? - help, Shift-Dir - straight line, f - orc
Aim: an orc, wielding a +0 whip and wearing a +0 leather armour (100% to hit)
The magic dart hits the orc.
The orc is almost dead.
The orc closely misses you.
You feel better. Something hits you. x2
You closely miss something. You squeeze something. The orc closely misses you.
Something hits you.
* * * LOW HITPOINT WARNING * * *
You miss something. Your squeeze misses something.
Something hits you but does no damage. The orc barely misses you.
You hear some strange, mumbled words.
A puff of flame appears from out of thin air!
The puff of flame hits you.
* * * LOW HITPOINT WARNING * * *
You barely miss something. Your squeeze misses something.
The orc barely misses you. The worm bites you!
* * * LOW HITPOINT WARNING * * *
Something hits you.
You die...

.[...## . ......# . $.[.
......#... ....
.._....... .....
......#.## .....
......#... ......
.....## #. #....
##.####. ###..# .....
...#####{@w.# ###.##
#......oo##.# .. #
.####.####....#.#.... #
...##..####.#)...# ##
#.###........##.# .##
..........#.#.....#
..##....................
#.......o.............##
###...............#...#


You could see a worm, an orc priest and an orc.

Vanquished Creatures
  Sigmund (D:4)
  A black bear (D:4)
  Blork the orc (D:4)
  An orc wizard (D:4)
  An iguana (D:4)
  3 gnolls (D:3)
  6 adders
  5 worms
  2 dart slugs
  5 orcs
  9 ball pythons
  8 endoplasms
  2 giant cockroaches (D:2)
  6 goblins
  6 hobgoblins
  7 quokkas
  3 bats
  3 frilled lizards (D:1)
  5 kobolds
  4 rats
79 creatures vanquished.

Vanquished Creatures (others)
  2 plants (D:1)
2 creatures vanquished.

Grand Total: 81 creatures vanquished

Notes
Turn   | Place    | Note
-------+----------+-------------------------------------------
     0 | D:1      | Sabo the Octopode Conjurer began the quest for the Orb.
     0 | D:1      | Reached XP level 1. HP: 11/11 MP: 3/3
    80 | D:1      | Found a faded altar of an unknown god.
    87 | D:1      | Prayed at the altar of an unknown god.
    87 | D:1      | Became a worshipper of Makhleb the Destroyer
    87 | D:1      | Reached * piety under Makhleb
   328 | D:1      | Reached XP level 2. HP: 17/17 MP: 5/5
  1417 | D:2      | Reached XP level 3. HP: 21/21 MP: 3/6
  1842 | D:2      | Reached ** piety under Makhleb
  2000 | D:2      | Reached skill level 5 in Conjurations
  2000 | D:2      | Reached XP level 4. HP: 27/27 MP: 4/7
  2586 | D:2      | Learned a level 2 spell: Searing Ray
  3481 | D:3      | Reached XP level 5. HP: 32/32 MP: 4/9
  3618 | D:3      | Found a sparkling altar of Nemelex Xobeh.
  3694 | D:3      | Found a blossoming altar of Fedhas.
  4001 | D:3      | Reached skill level 1 in Short Blades
  4209 | D:4      | Noticed Sigmund
  4227 | D:4      | Noticed Blork the orc
  4233 | D:4      | Killed Sigmund
  4234 | D:4      | Reached skill level 1 in Invocations
  4234 | D:4      | Reached XP level 6. HP: 34/37 MP: 10/10
  4246 | D:4      | Killed Blork the orc
  4323 | D:4      | Found a sacrificial altar of Ru.
  4477 | D:4      | Noticed a black bear
  4511 | D:4      | Killed a black bear
  4512 | D:4      | Reached skill level 6 in Conjurations
  4512 | D:4      | Reached XP level 7. HP: 35/42 MP: 7/12
  4612 | D:4      | Reached *** piety under Makhleb
  4751 | D:4      | HP: 1/42 [worm (9)]
  4751 | D:4      | Slain by an orc wizard

Illustrated notes

Levels and vault maps discovered:
D:1:      roderic_dead_forest, layout_basic, dilly_ecumenical_altar_fadedgnrine,
          minmay_misc_feat_iff
D:2:      layout_loops_ring, grunt_ministairs_2, minmay_shallow_snake_nest
D:3:      layout_rooms, mainiacjoe_overflow_alcove_2, amcnicky_altar_gilded
D:4:      layout_rooms, trog_hazing_becter, old_standard_altar, uniq_sigmund,
          uniq_blork_the_orc, uniq_menkaure

Skill      XL: |  1  2  3  4  5  6 |
---------------+-------------------+-----
Stealth        | 3 4 |  4.1
Conjurations   | 5 6 |  6.0
Short Blades   | 1 2 |  2.0
Spellcasting   | 3 |  3.7
Invocations    | 1 2 |  2.2
Fighting       | |  0.9
Dodging        | |  2.7

Action                     |  1- 3 |  4- 6 |  7- 9 || total
---------------------------+-------+-------+-------++-------
  Melee: Unarmed           |    13 |       |       ||    13
         Tentacles         |    13 |     5 |     9 ||    27
         Constrict         |    11 |     4 |     8 ||    23
         Dagger            |    29 |    32 |    26 ||    87
         Punch             |     1 |       |       ||     1
  Throw: Dart              |     1 |       |     2 ||     3
   Cast: Magic Dart        |    59 |    80 |    15 ||   154
 Invoke: Minor Destruction |       |     9 |       ||     9
    Use: Scroll            |       |     4 |     1 ||     5
         Potion            |       |     2 |     2 ||     4
 Armour: Skin              |     7 |    12 |     3 ||    22
  Dodge: Dodged            |    20 |    32 |    21 ||    73

Table legend: (Time is in decaauts)
 A = Elapsed time spent in this place.
 B = Non-inter-level travel time spent in this place.
 C = Inter-level travel time spent in this place.
 D = Time resting spent in this place.
 E = Time spent auto-exploring this place.
 F = Levels seen in this place.
 G = Mean time per level.
                   A        B        C        D        E       F      G
               +--------+--------+--------+--------+--------+-----+--------+
         Total |   4744 |   4744 |      0 |   1896 |      0 |   4 | 1186.0 |
       Dungeon |   4744 |   4744 |      0 |   1896 |      0 |   4 | 1186.0 |
               +--------+--------+--------+--------+--------+-----+--------+

Top non-repeatable levels by time:
     D:3: 1423 daAuts
     D:2: 1396 daAuts
     D:1: 1369 daAuts
     D:4: 555 daAuts
